 Dungeon Crawl Stone Soup version 0.26.1-2-gb8aa6d0cf2 (webtiles) character file.

Game seed: 14661747609288666476

3559 dohliylev the Cleaver (level 9, -10/79 HPs)
             Began as a Minotaur Fighter on Mar 26, 2021.
             Was a Follower of the Shining One.
             Killed from afar by kthxbai's ghost (26 damage)
             ... with a stone arrow
             ... on level 8 of the Dungeon.
             The game lasted 00:11:32 (7508 turns).

dohliylev the Cleaver (Minotaur Fighter)            Turns: 7508, Time: 00:11:33

Health: -10/79     AC: 16    Str: 24    XL:     9   Next: 83%
Magic:  3/8        EV:  6    Int:  5    God:    the Shining One [*.....]
Gold:   589        SH: 16    Dex: 10    Spells: 8/8 levels left

rFire    . . .     SeeInvis +   a - +0 war axe
rCold    . . .     Faith    .   c - +0 kite shield
rNeg     . . .     Spirit   .   p - +0 plate armour
rPois    .         Reflect  +   (helmet restricted)
rElec    .         Harm     .   y - +0 cloak
rCorr    .         Rampage  .   (no gloves)
Will     .....                  A - +0 pair of boots
Stlth    ..........             n - amulet of reflection
HPRegen  0.23/turn              x - ring of see invisible
MPRegen  0.11/turn              (no ring)

@: glowing
A: retaliatory headbutt, horns 2
a: Renounce Religion


You were on level 8 of the Dungeon.
You worshipped the Shining One.
The Shining One was aware of your devotion.
You visited 1 branch of the dungeon, and saw 8 of its levels.

You collected 589 gold pieces.

Inventory:

Hand Weapons
 a - a +0 war axe (weapon)
Armour
 c - a +0 kite shield (worn)
 p - a +0 plate armour (worn)
 y - a +0 cloak (worn)
 A - a +0 pair of boots (worn)
 C - a +0 leather armour of fire resistance
Jewellery
 n - an amulet of reflection (around neck)
 x - a ring of see invisible (left hand)
 D - an uncursed amulet of the acrobat {unknown}
Scrolls
 e - 6 scrolls of remove curse {unknown}
 g - a scroll of enchant weapon {unknown}
 h - a scroll of immolation {unknown}
 i - 11 scrolls of identify {unknown}
 m - 3 scrolls of blinking {unknown}
 q - a scroll of amnesia {unknown}
 r - a scroll of teleportation {unknown}
 s - 3 scrolls of magic mapping {unknown}
 v - 2 scrolls of fear {unknown}
 B - a scroll of noise {unknown}
Potions
 b - 3 potions of mutation {unknown}
 d - 2 potions of might
 f - 3 potions of flight {unknown}
 j - a potion of brilliance {unknown}
 k - a potion of degeneration {unknown}
 l - 2 potions of haste {unknown}
 o - a potion of berserk rage {unknown}
 t - 2 potions of heal wounds {unknown}
 u - 2 potions of attraction {unknown}
 w - a potion of cancellation {unknown}
 z - a potion of lignification {unknown}
 E - 2 potions of curing {unknown}


   Skills:
 + Level 7.1 Fighting
 + Level 11.2 Axes
 + Level 7.9 Armour
 + Level 2.0 Dodging
 + Level 9.0 Shields


You had 8 spell levels left.
You didn't know any spells.
Your spell library contained the following spells:

 Spells                   Type           Power        Failure   Level
 Corona                   Hex            0%           100%        1
 Ensorcelled Hibernation  Hex/Ice        0%           100%        2
 Confusing Touch          Hex            0%           100%        3
 Dazzling Flash           Conj/Hex       0%           100%        3
 Gell's Gravitas          Tloc           0%           100%        3
 Tukima's Dance           Hex            0%           100%        3
 Petrify                  Tmut/Erth      0%           100%        4
 Metabolic Englaciation   Hex/Ice        0%           100%        5
 Yara's Violent Unravell  Hex/Tmut       0%           100%        5


Dungeon Overview and Level Annotations

Branches:
Dungeon (8/15)             Temple (0/1) D:7
   Lair: D:8-11

Altars:
Ashenzari
Dithmenos
Elyvilon
Nemelex Xobeh
Trog
Xom
The Shining One

Annotations:
D:8 Maurice; kthxbai's ghost, novice DrEE


Innate Abilities, Weirdness & Mutations

You reflexively headbutt those who attack you in melee.
You have a pair of horns on your head.


Message History

Kthxbai's ghost casts a spell at you. The stone arrow hits you!
* * * LOW HITPOINT WARNING * * *
You block kthxbai's ghost's attack.
You hit kthxbai's ghost. Your headbutt misses kthxbai's ghost.
Kthxbai's ghost is severely damaged.
Kthxbai's ghost gestures at you while chanting.
The wall shatters!
The blast of rock fragments hits you but does no damage.
You closely miss kthxbai's ghost.
Kthxbai's ghost is severely damaged.
You block kthxbai's ghost's attack.
You miss kthxbai's ghost. Your headbutt misses kthxbai's ghost.
Kthxbai's ghost is severely damaged.
Kthxbai's ghost hits you but does no damage.
You miss kthxbai's ghost. Your headbutt misses kthxbai's ghost.
Kthxbai's ghost is severely damaged.
Kthxbai's ghost points at you and mumbles some strange words.
The stone arrow hits you!!
You die...

#.# #.#
#.# #.#
#.#
#.##
#..###
#..#.##
#.@W_.#
##.#$##
#.###
###


You could see kthxbai's ghost.

Vanquished Creatures
  A dancing weapon (D:8)
  A manticore (D:7)
  A water moccasin (D:8)
  An orc warrior (D:6)
  A hornet zombie (D:8)
  An ice beast (D:7)
  5 ogres
  A centaur (D:7)
  2 big kobolds
  A bullfrog (D:6)
  A water moccasin skeleton (D:7)
  A wyvern skeleton (D:6)
  5 howler monkeys
  2 bullfrog zombies
  A quasit (D:7)
  A centaur skeleton (D:6)
  2 centaur zombies (D:7)
  A jelly (D:7)
  3 orc priests
  A bullfrog skeleton (D:6)
  5 orc wizards
  2 hounds
  3 iguanas
  8 worker ants
  A hound zombie (D:6)
  A howler monkey zombie (D:5)
  9 gnolls
  A howler monkey skeleton (D:7)
  8 adders
  2 shadow imps
  2 white imps
  An ufetubus (D:6)
  An ooze (D:2)
  An adder zombie (D:5)
  2 adder skeletons
  A worm (D:3)
  A dart slug (D:3)
  7 leopard geckos
  16 orcs
  4 ball pythons
  7 bats
  8 giant cockroaches
  A goblin (D:3)
  9 hobgoblins
  4 jackals (D:2)
  14 kobolds
  5 quokkas
  2 frilled lizards
  A jackal skeleton (D:5)
  A leopard gecko zombie (D:5)
  5 rats
166 creatures vanquished.

Vanquished Creatures (others)
  A kobold (D:8)
1 creature vanquished.

Grand Total: 167 creatures vanquished

Notes
Turn   | Place    | Note
-------+----------+-------------------------------------------
     0 | D:1      | dohliylev the Minotaur Fighter began the quest for the Orb.
     0 | D:1      | Reached XP level 1. HP: 19/19 MP: 0/0
   385 | D:1      | Reached XP level 2. HP: 21/27 MP: 1/1
   929 | D:2      | Reached XP level 3. HP: 33/33 MP: 2/2
   980 | D:2      | Reached skill level 3 in Axes
  1335 | D:2      | Found a shimmering altar of Xom.
  1591 | D:2      | Reached XP level 4. HP: 40/40 MP: 3/3
  1873 | D:3      | Reached skill level 1 in Dodging
  2411 | D:4      | Reached skill level 4 in Axes
  2411 | D:4      | Reached XP level 5. HP: 38/47 MP: 4/4
  2506 | D:4      | Noticed an ogre
  2522 | D:4      | Killed an ogre
  2523 | D:4      | Reached skill level 5 in Shields
  2523 | D:4      | Reached XP level 6. HP: 31/53 MP: 5/5
  2525 | D:4      | Reached skill level 5 in Axes
  2736 | D:4      | Found a broken altar of Ashenzari.
  2757 | D:4      | Reached skill level 5 in Armour
  2948 | D:4      | Reached skill level 6 in Axes
  3307 | D:5      | Entered Level 5 of the Dungeon
  3509 | D:5      | Reached XP level 7. HP: 60/60 MP: 6/6
  3566 | D:5      | Reached skill level 5 in Fighting
  3594 | D:5      | Found a sparkling altar of Nemelex Xobeh.
  3745 | D:5      | Found a shadowy altar of Dithmenos.
  3802 | D:5      | Found a sparkling altar of Nemelex Xobeh.
  4082 | D:6      | Reached skill level 7 in Axes
  4713 | D:6      | Reached XP level 8. HP: 69/69 MP: 7/7
  4718 | D:6      | Found a glowing golden altar of the Shining One.
  4773 | D:6      | Reached skill level 8 in Axes
  4821 | D:6      | Became a worshipper of the Shining One
  5402 | D:7      | Found a white marble altar of Elyvilon.
  5447 | D:7      | Reached * piety under the Shining One
  5457 | D:7      | Reached skill level 9 in Axes
  5780 | D:7      | Found a bloodstained altar of Trog.
  5921 | D:7      | Found a staircase to the Ecumenical Temple.
  6072 | D:7      | Noticed a manticore
  6108 | D:7      | Killed a manticore
  6109 | D:7      | Reached skill level 10 in Axes
  6109 | D:7      | Reached XP level 9. HP: 59/78 MP: 8/8
  6426 | D:8      | Noticed Maurice
  6764 | D:8      | Found a runed translucent door.
  6765 | D:8      | Found a shimmering altar of Xom.
  6765 | D:8      | Noticed kthxbai's ghost (novice DrEE)
  6765 | D:8      | Noticed a +4 short sword of chaos
  7490 | D:8      | Killed a +4 short sword of chaos
  7491 | D:8      | Reached skill level 11 in Axes
  7508 | D:8      | Killed from afar by kthxbai's ghost

Illustrated notes

Levels and vault maps discovered:
D:1:      dpeg_arrival_yet_another_circle, layout_basic, hex_intersection
D:2:      layout_basic, lemuel_crystal_altar, hangedman_abyss_or_decor_stabs,
          mrwooster_statue_mirror
D:3:      layout_loops_cross, kennysheep_decorative_pillar,
          kennysheep_generic_room_6
D:4:      layout_basic, nicolae_overflow_crystal_walls
D:5:      layout_cave_pools, nicolae_overflow_hidden_temple, old_standard_altar,
          minmay_misc_feat_tiny, nemelex_diamond_rough_becter
D:6:      layout_cave_pools, lemuel_coloured_pillars_altar, solitary_fountain,
          hangedman_decor_diamond_cutter, sigmund_army
D:7:      minmay_chambers_of_fours, layout_cave_pools,
          overflow_temple_1_default, old_standard_altar, temple_doors_e
D:8:      layout_basic, ebering_ghost_xom, uniq_maurice

Skill      XL: |  1  2  3  4  5  6  7  8  9 |
---------------+----------------------------+-----
Fighting       | 4 5 6 7 |  7.1
Shields        | 4 5 6 8 9 |  9.0
Armour         | 4 5 6 7 |  7.9
Axes           | 3 4 6 7 10 11 | 11.2
Dodging        | 1 2 |  2.0

Action                   |  1- 3 |  4- 6 |  7- 9 || total
-------------------------+-------+-------+-------++-------
Melee: War axe           |    74 |   134 |   294 ||   502
       Headbutt          |     8 |    25 |    55 ||    88
Armor: Scale mail        |    36 |     7 |       ||    43
       Plate armour      |       |    42 |   104 ||   146
Dodge: Dodged            |    34 |    27 |    35 ||    96
Block: Kite shield       |    65 |   122 |   229 ||   416
       Reflection        |       |       |    12 ||    12
